 Dungeon Crawl Stone Soup version 0.20.1-1-g8b1a95d (webtiles) character file.

357 Mesmaeker13 the Ogre Mage (level 6, -4/53 HPs)
             Began as an Ogre Fire Elementalist on Aug 13, 2017.
             Slain by a two-headed ogre
             ... wielding a +0 giant club
              (26 damage)
             ... on level 4 of the Dungeon.
             The game lasted 00:08:28 (5158 turns).

Mesmaeker13 the Ogre Mage (Ogre Fire Elementalist)  Turns: 5158, Time: 00:08:29

Health: -4/53      AC:  3    Str: 16    XL:     6   Next: 64%
Magic:  6/12       EV: 11    Int: 18    God:
Gold:   219        SH:  0    Dex:  9    Spells: 7/13 levels left

rFire    . . .     SeeInvis .   d - +0 club
rCold    + . .     Gourm    .   (no shield)
rNeg     . . .     Faith    .   a - +0 robe
rPois    .         Spirit   .   (helmet restricted)
rElec    .         Reflect  .   (no cloak)
rCorr    .         Harm     .   (gloves unavailable)
MR       .....                  (boots unavailable)
Stlth    +.........             (no amulet)
Regen    0.2/turn               q - +3 ring of strength
MPRegen  0.2/turn               t - ring of protection from cold

@: no status effects
A: unfitting armour, tough skin 1
a: no special abilities


You were on level 4 of the Dungeon.
You were not hungry.

You visited 1 branch of the dungeon, and saw 4 of its levels.

You collected 219 gold pieces.

Inventory:

Hand Weapons
 d - a +0 club (weapon)
Armour
 a - a +0 robe (worn)
Jewellery
 q - a +3 ring of strength (left hand)
 t - a ring of protection from cold (right hand)
Wands
 o - a wand of paralysis (9/24)
Scrolls
 j - 4 scrolls of teleportation
 l - 3 scrolls of recharging
 m - 2 scrolls of remove curse
 r - a scroll of fog {unknown}
Potions
 f - 2 potions of lignification {unknown}
 h - 2 potions of brilliance {unknown}
 i - a potion of mutation {unknown}
 k - a potion of heal wounds {unknown}
 n - 2 potions of cancellation {unknown}
 p - a potion of ambrosia {unknown}
Books
 b - a book of Flames

   Spells                             Type                      Level
   a - Flame Tongue                   Conjuration/Fire             1
   b - Throw Flame                    Conjuration/Fire             2
   c - Conjure Flame                  Conjuration/Fire             3
   d - Inner Flame                    Hexes/Fire                   3
   e - Sticky Flame                   Conjuration/Fire             4
   f - Fireball                       Conjuration/Fire             5
Comestibles
 c - 2 bread rations
 g - 2 royal jellies
 s - 3 fruits
 v - 2 chunks of flesh


   Skills:
 + Level 3.7 Dodging
 - Level 1.4 Stealth
 + Level 4.1 Spellcasting
 + Level 2.9 Conjurations
 + Level 3.8 Fire Magic


You had 7 spell levels left.
You knew the following spells:

 Your Spells              Type           Power        Failure   Level  Hunger
a - Flame Tongue          Conj/Fire      ###..        3%          1    None
b - Throw Flame           Conj/Fire      ###...       5%          2    ##.....
c - Conjure Flame         Conj/Fire      ###.....     11%         3    ###....


Dungeon Overview and Level Annotations

Branches:
Dungeon (4/15)
 Temple: D:4-7

Altars:
Ashenzari
Dithmenos
Gozag
Uskayaw
Yredelemnul
Zin


Innate Abilities, Weirdness & Mutations

You are too large for most types of armour.
You have tough skin. (AC +1)


Message History

The two-headed ogre appears unharmed.
The two-headed ogre is moderately wounded.
Casting: Flame Tongue
Confirm with . or Enter, or press ? or * to list all spells.
Aiming: Flame Tongue
Press: ? - help, Shift-Dir - straight line, f/p - two-headed ogre
Aim: a two-headed ogre, wielding two giant clubs (moderately wounded)
The flame tongue hits the two-headed ogre.
The two-headed ogre is heavily wounded.
Casting: Flame Tongue
Confirm with . or Enter, or press ? or * to list all spells.
Aiming: Flame Tongue
Press: ? - help, Shift-Dir - straight line, f/p - two-headed ogre
Aim: a two-headed ogre, wielding two giant clubs (heavily wounded)
The flame tongue hits the two-headed ogre.
The two-headed ogre is severely wounded.
The two-headed ogre hits you with a giant club!!
Ouch! That really hurt!
The two-headed ogre hits you with a giant club!!
You die...

#........#.......
#........+....... ...
.........#....... ....
..........#.......
.....##########+###.......
..........................
..........................
..........................
........O@................
.....##+###....####.......
..... #....# #....... ....
#....# #....... ....
#....# ....... ######
...##


You could see a two-headed ogre.

Vanquished Creatures
  An orc warrior (D:3)
  An orc priest (D:3)
  An iguana (D:4)
  2 orc wizards
  A hound skeleton (D:4)
  4 adders
  4 worms
  4 leopard geckos
  8 orcs (D:3)
  3 giant cockroaches
  14 goblins
  9 hobgoblins
  8 jackals
  3 quokkas
  3 ball pythons
  10 bats
  2 frilled lizards (D:1)
  8 kobolds
  8 rats
94 creatures vanquished.

Notes
Turn   | Place    | Note
-------+----------+-------------------------------------------
     0 | D:1      | Mesmaeker13 the Ogre Fire Elementalist began the quest for the Orb.
     0 | D:1      | Reached XP level 1. HP: 16/16 MP: 3/3
    73 | D:1      | Reached skill level 1 in Conjurations
   403 | D:1      | Reached XP level 2. HP: 24/24 MP: 2/5
  1063 | D:1      | Reached XP level 3. HP: 19/31 MP: 4/6
  1575 | D:1      | Learned a level 2 spell: Throw Flame
  1621 | D:2      | Found a shattered altar of Ashenzari.
  1728 | D:2      | Found an opulent altar of Gozag.
  1750 | D:2      | Found a glowing silver altar of Zin.
  2026 | D:2      | Reached XP level 4. HP: 39/39 MP: 4/8
  2419 | D:2      | Found a basalt altar of Yredelemnul.
  2840 | D:3      | Reached skill level 3 in Spellcasting
  3106 | D:3      | Found a shadowy altar of Dithmenos.
  3153 | D:3      | Found a hide-covered altar of Uskayaw.
  3269 | D:3      | Reached XP level 5. HP: 45/45 MP: 2/9
  4182 | D:3      | Noticed an orc warrior
  4467 | D:3      | Killed an orc warrior
  4467 | D:3      | Reached XP level 6. HP: 53/53 MP: 3/11
  4600 | D:4      | Reached skill level 4 in Spellcasting
  4618 | D:4      | Learned a level 3 spell: Conjure Flame
  5144 | D:4      | Noticed a two-headed ogre
  5158 | D:4      | Slain by a two-headed ogre

Skill      XL: |  1  2  3  4  5  6 |
---------------+-------------------+-----
Dodging        | 2 3 |  3.7
Conjurations   | 1 2 |  2.9
Fire Magic     | 3 |  3.8
Spellcasting   | 3 4 |  4.1
Stealth        | |  1.4

Action                   |  1- 3 |  4- 6 || total
-------------------------+-------+-------++-------
Melee: Club              |    89 |    64 ||   153
       Unarmed           |     1 |       ||     1
Throw: Throwing net      |       |     1 ||     1
 Cast: Flame Tongue      |    44 |   111 ||   155
       Throw Flame       |     1 |     9 ||    10
Evoke: Wand              |       |     2 ||     2
  Use: Scroll            |     2 |     1 ||     3
 Stab: Sleeping          |     1 |       ||     1
  Eat: Chunk             |     4 |    10 ||    14
Armor: Robe              |    45 |    29 ||    74
Dodge: Dodged            |    73 |    43 ||   116
